 Dungeon Crawl Stone Soup version 0.22-a0-404-g35e51767bf (webtiles) character file.

3909 RedPan the Martial Artist (level 10, -9/73 HPs)
             Began as a Demonspawn Monk on May 8, 2018.
             Was a Priest of Cheibriados.
             Mangled by a two-headed ogre
             ... wielding a +0 giant club
              (21 damage)
             ... on level 8 of the Dungeon.
             The game lasted 00:22:45 (9156 turns).

RedPan the Martial Artist (Demonspawn Monk)         Turns: 9156, Time: 00:22:46

Health: -9/73      AC: 14    Str: 21    XL:     10   Next: 1%
Magic:  12/12      EV: 16    Int: 17    God:    Cheibriados [***...]
Gold:   236        SH:  6    Dex: 22    Spells: 9/9 levels left

rFire    + . .     SeeInvis .     - Unarmed
rCold    . . .     Gourm    .   (no shield)
rNeg     + . .     Faith    .   i - +0 scale mail
rPois    +         Spirit   .   B - +2 helmet
rElec    .         Reflect  .   m - +0 cloak
rCorr    .         Harm     .   (no gloves)
MR       +....                  f - +2 pair of boots
Stlth    +.........             u - amulet of the acrobat
HPRegen  0.22/turn              d - ring of poison resistance
MPRegen  0.13/turn              C - ring "Cecoz" {rF+ rN+ MR+}

@: very slow
A: hooves 1, large bone plates 2, spiny 3, rot immunity
a: Bend Time, Temporal Distortion, Renounce Religion


You were on level 8 of the Dungeon.
You worshipped Cheibriados.
Cheibriados was most pleased with you.
You were not hungry.

You visited 2 branches of the dungeon, and saw 9 of its levels.
You also visited: Sewer.

You collected 288 gold pieces.
You spent 52 gold pieces at shops.

Inventory:

Armour
 a - a +0 robe
 f - a +2 pair of boots (worn)
 i - a +0 scale mail (worn)
 m - a +0 cloak (worn)
 B - a +2 helmet (worn)
Jewellery
 c - an uncursed ring of positive energy
 d - a ring of poison resistance (left hand)
 o - an uncursed ring of fire
 u - an amulet of the acrobat (around neck)
 C - the ring "Cecoz" (right hand) {rF+ rN+ MR+}
   (You found it on level 7 of the Dungeon)

   [ring of protection from fire]

   It protects you from fire.
   It protects you from negative energy.
   It affects your resistance to hostile enchantments.
Wands
 h - a wand of random effects (63)
 n - a wand of flame (26)
 v - a wand of paralysis (23)
Scrolls
 q - a scroll of enchant weapon
 s - 2 scrolls of teleportation
 w - 3 scrolls of remove curse
 y - a scroll of magic mapping
Potions
 e - 2 potions of resistance
 k - 2 potions of cancellation
 l - 3 potions of flight
 p - a potion of agility
 r - a potion of brilliance
 t - a potion of ambrosia {unknown}
 x - 2 potions of might
 z - 4 potions of curing
 A - 2 potions of magic {unknown}
 D - a potion of mutation {unknown}
Comestibles
 b - 17 rations
 g - 11 chunks of flesh


   Skills:
 - Level 4.5 Fighting
 + Level 3.3 Armour
 + Level 7.4 Dodging
 - Level 1.7 Stealth
 * Level 10.2 Unarmed Combat
 + Level 3.3 Invocations


You had 9 spell levels left.
You didn't know any spells.

Dungeon Overview and Level Annotations

Branches:
Dungeon (8/15)             Temple (1/1) D:4
   Lair: D:8-11

Altars:
Ashenzari
Cheibriados
Dithmenos
Elyvilon
Fedhas
Gozag
Hepliaklqana
Kikubaaqudgha
Makhleb
Nemelex Xobeh
Qazlal
Ru
Sif Muna
Trog
Uskayaw
Vehumet
Wu Jian
Xom
Yredelemnul
Zin
The Shining One

Shops:
D:8 !?


Innate Abilities, Weirdness & Mutations

You have large cloven feet.
You are mostly covered in large bone plates. (SH +6)
You are completely covered in sharp spines.
You are immune to rotting.


Message History

You are too injured to fight recklessly!
You feel much better.
You hit the two-headed ogre.
The two-headed ogre is moderately wounded.
The two-headed ogre hits you with a giant club!!
The two-headed ogre hits you with a giant spiked club.
* * * LOW HITPOINT WARNING * * *
You are too injured to fight recklessly!
You hit the two-headed ogre but do no damage.
The two-headed ogre is moderately wounded.
The two-headed ogre is struck by your spines.
The two-headed ogre barely misses you.
The two-headed ogre hits you with a giant spiked club!
* * * LOW HITPOINT WARNING * * *
You barely miss the two-headed ogre.
The two-headed ogre is heavily wounded.
You hit the two-headed ogre. You punch the two-headed ogre!
The two-headed ogre is severely wounded.
The two-headed ogre hits you with a giant club!!
You die...

####...........##.....#
#......###.............
#.##...#
#..#####.#.####
###.##.#.###.## #.#.#
#......#......## #.#.
#..............####
#.....)............
#.....)#.#.....##
#....))#.##@..##
######.#.###O## #.#)#
..# #.#.# ##.# #.#.#
... #.#.# ### #....
....# #..


You could see a two-headed ogre.

Vanquished Creatures
  The ghost of Zaque the Basher, a novice GrFi of Okawaru (D:7)
  2 wyverns (D:8)
  A hungry ghost (D:7)
  A water moccasin (D:5)
  2 sky beasts
  4 ogres
  A black bear (D:6)
  2 ice beasts
  A necrophage (D:8)
  A phantom (D:8)
  A centaur (D:7)
  2 big kobolds
  Blork the orc (D:5)
  A bullfrog (D:6)
  3 scorpions
  3 killer bees (D:7)
  A howler monkey (D:4)
  6 crimson imps
  2 jellies
  A gnoll shaman (D:8)
  Crazy Yiuf (D:2)
  A centaur skeleton (D:5)
  2 hounds
  4 orc priests
  A bullfrog skeleton (D:5)
  Terence (D:2)
  8 orc wizards
  3 worker ants
  A mummy (D:7)
  Robin (D:3)
  9 adders
  8 gnolls
  3 river rats (Sewer)
  2 oozes
  An adder skeleton (D:7)
  5 worms
  3 dart slugs
  4 leopard geckos
  14 orcs
  6 giant cockroaches
  18 goblins
  9 hobgoblins
  11 jackals
  14 kobolds
  4 quokkas
  A ball python (D:3)
  7 bats
  3 frilled lizards
  A jackal skeleton (D:5)
  2 leopard gecko skeletons
  A quokka skeleton (D:6)
  A quokka zombie (D:6)
  10 rats
197 creatures vanquished.

Notes
Turn   | Place    | Note
-------+----------+-------------------------------------------
     0 | D:1      | RedPan the Demonspawn Monk began the quest for the Orb.
     0 | D:1      | Reached XP level 1. HP: 18/18 MP: 1/1
   292 | D:1      | Reached skill level 3 in Unarmed Combat
   414 | D:1      | Gained mutation: You are partially covered in large bone plates. (SH +4) [demonic ancestry]
   414 | D:1      | Reached XP level 2. HP: 22/24 MP: 2/2
  1165 | D:1      | Gained mutation: You have large cloven feet. [demonic ancestry]
  1165 | D:1      | Reached XP level 3. HP: 29/29 MP: 3/3
  1555 | D:2      | Noticed Terence
  1578 | D:2      | Killed Terence
  1652 | D:2      | Reached XP level 4. HP: 26/35 MP: 4/4
  1682 | D:2      | Reached skill level 4 in Unarmed Combat
  2622 | D:2      | Found a runed door.
  2626 | D:2      | Noticed Crazy Yiuf
  2640 | D:2      | Killed Crazy Yiuf
  2640 | D:2      | Gained mutation: You are immune to rotting. [demonic ancestry]
  2640 | D:2      | Reached XP level 5. HP: 32/41 MP: 5/5
  3297 | D:3      | Found a bloodstained altar of Trog.
  3395 | D:3      | Noticed Robin
  3441 | D:3      | Killed Robin
  3854 | D:3      | Gained mutation: You are partially covered in sharp spines. [demonic ancestry]
  3854 | D:3      | Reached XP level 6. HP: 20/48 MP: 6/6
  4048 | D:4      | Reached skill level 5 in Unarmed Combat
  4135 | D:4      | Found a sacrificial altar of Ru.
  4275 | D:4      | Found an ancient bone altar of Kikubaaqudgha.
  4375 | D:4      | Gained mutation: You are mostly covered in large bone plates. (SH +6) [demonic ancestry]
  4375 | D:4      | Reached XP level 7. HP: 43/55 MP: 7/7
  4693 | D:4      | Reached skill level 6 in Unarmed Combat
  4996 | D:4      | Found a staircase to the Ecumenical Temple.
  5009 | Temple   | Entered the Ecumenical Temple
  5193 | D:5      | Entered Level 5 of the Dungeon
  5609 | D:5      | Noticed Blork the orc
  5624 | D:5      | Reached skill level 5 in Dodging
  5631 | D:5      | Killed Blork the orc
  5631 | D:5      | Reached skill level 7 in Unarmed Combat
  5631 | D:5      | Gained mutation: You are mostly covered in sharp spines. [demonic ancestry]
  5631 | D:5      | Reached XP level 8. HP: 29/61 MP: 8/8
  5740 | D:5      | Found a glowing drain.
  5749 | Sewer    | Entered a sewer
  6038 | Sewer    | Found a white marble altar of Elyvilon.
  6202 | D:5      | Reached skill level 8 in Unarmed Combat
  7561 | D:7      | Reached XP level 9. HP: 66/66 MP: 9/9
  7569 | D:7      | Reached skill level 9 in Unarmed Combat
  7581 | D:7      | Noticed Zaque's ghost (novice GrFi)
  7608 | D:7      | Killed Zaque's ghost
  7851 | D:7      | Got a twitching marble ring
  7876 | D:7      | Identified the ring "Cecoz" {rF+ rN+ MR+} (You found it on level 7 of the Dungeon)
  8059 | D:7      | Found a snail-covered altar of Cheibriados.
  8072 | D:7      | Became a worshipper of Cheibriados the Contemplative
  8072 | D:7      | Reached * piety under Cheibriados
  8072 | D:7      | Reached ** piety under Cheibriados
  8184 | D:7      | Reached skill level 1 in Invocations
  8430 | D:8      | Found a shadowy altar of Dithmenos.
  8445 | D:8      | Found a blossoming altar of Fedhas.
  8449 | D:8      | Found a hazy altar of Hepliaklqana.
  8454 | D:8      | Found an opulent altar of Gozag.
  8459 | D:8      | Found a radiant altar of Vehumet.
  8513 | D:8      | Reached skill level 10 in Unarmed Combat
  8777 | D:8      | Found Veidoirph's Distillery.
  8781 | D:8      | Found Diroagg's Magic Scroll Shoppe.
  8783 | D:8      | Bought a potion of might for 52 gold pieces
  9111 | D:8      | Gained mutation: You are completely covered in sharp spines. [demonic ancestry]
  9111 | D:8      | Reached XP level 10. HP: 73/73 MP: 12/12
  9131 | D:8      | Reached *** piety under Cheibriados
  9146 | D:8      | Noticed a two-headed ogre
  9156 | D:8      | Mangled by a two-headed ogre

Vault maps used:
D:1:      matt_arrival_spirals
D:2:      nrook_mini_backslash, uniq_terence, uniq_crazy_yiuf_cottage
D:3:      nicolae_overflow_crystal_walls, first_ration, item_on_display_a,
          uniq_robin
D:4:      nicolae_ru_great_annihilating_truth, minmay_temple_entry_poolview,
          minmay_ruined_shrine
D:5:      cheibrodos_sewer_entry_bend, uniq_blork_the_orc
D:7:      slow_altar_2
D:8:      minitemple, serial_shops, shop, shop, shop, basic_altar
Temple:   zaba_magenta_temple
Sewer:    sewer_kobolds

Skill      XL: |  1  2  3  4  5  6  7  8  9 |
---------------+----------------------------+-----
Unarmed Combat | 3 4 5 7 8 10 | 10.2
Dodging        | 3 4 5 6 7 |  7.4
Fighting       | 4 |  4.5
Armour         | 3 |  3.3
Invocations    | 3 |  3.3
Stealth        | |  1.7

Action                   |  1- 3 |  4- 6 |  7- 9 | 10-12 || total
-------------------------+-------+-------+-------+-------++-------
Melee: Unarmed           |   146 |   298 |   342 |    17 ||   803
       Punch             |     2 |     4 |    13 |     2 ||    21
  Use: Scroll            |     3 |     5 |    13 |       ||    21
       Potion            |       |     3 |     2 |     1 ||     6
 Stab: Sleeping          |     5 |     5 |     4 |       ||    14
       Invisible         |       |     1 |       |       ||     1
       Paralysed         |       |     1 |       |       ||     1
  Eat: Chunk             |     2 |     9 |    14 |     1 ||    26
Armor: Robe              |    35 |    56 |    20 |       ||   111
       Scale mail        |       |       |    25 |     2 ||    27
       Skin              |       |       |     7 |       ||     7
Dodge: Dodged            |    75 |   157 |   150 |     9 ||   391
Block: Other             |    17 |    32 |    65 |     3 ||   117

Table legend:
 A = Spawn XP
 B = Non-spawn XP
 C = Spawn XP percentage of total XP
 D = Spawn monster count
 E = Non-spawn monster count
 F = Spawn count percentage of total count
 G = Total turns spent on level
                    A         B        C        D         E        F      G
               +---------+---------+-------+---------+---------+-------+---------
         Total |       0 |    5585 |   0.0 |       0 |     197 |   0.0 |  9156
               +---------+---------+-------+---------+---------+-------+---------
           D:1 |       0 |      43 |   0.0 |       0 |      23 |   0.0 |  1504
           D:2 |       0 |     184 |   0.0 |       0 |      25 |   0.0 |  1556
           D:3 |       0 |     160 |   0.0 |       0 |      31 |   0.0 |   971
           D:4 |       0 |     569 |   0.0 |       0 |      25 |   0.0 |  1085
           D:5 |       0 |    1036 |   0.0 |       0 |      24 |   0.0 |   898
           D:6 |       0 |     384 |   0.0 |       0 |      12 |   0.0 |  1004
           D:7 |       0 |    1937 |   0.0 |       0 |      26 |   0.0 |  1001
           D:8 |       0 |    1125 |   0.0 |       0 |      21 |   0.0 |   726
         Sewer |       0 |     147 |   0.0 |       0 |      10 |   0.0 |   334
               +---------+---------+-------+---------+---------+-------+---------
